 Dungeon Crawl Stone Soup version 0.30-a0-422-g946f4849ff (webtiles) character file.

Game seed: 4214683317478573795

56 lunkers the Slasher (level 4, -1/36 HPs)
             Began as a Meteoran Gladiator on Dec 8, 2022.
             Slain by an orc wizard
             ... wielding a +0 dagger
              (2 damage)
             ... on level 3 of the Dungeon.
             The game lasted 00:02:01 (817 turns).

lunkers the Slasher (Meteoran Gladiator)             Turns: 817, Time: 00:02:02

Health: -1/36      AC:  6    Str: 17    XL:     4   Next: 37%
Magic:  5/5        EV: 12    Int:  9    God:
Gold:   105        SH:  0    Dex: 16    Spells: 3/3 levels left

rFire   . . .      SeeInvis .    a - +0 long sword
rCold   . . .      Faith    .    (no shield)
rNeg    . . .      Spirit   .    o - +0 ring mail
rPois   .          Reflect  .    c - +0 helmet
rElec   .          Harm     .    (no cloak)
rCorr   .          Rampage  .    (no gloves)
Will    .....                    (no boots)
Stlth   +.........               (no amulet)
HPRegen 0.26/turn                (no ring)
MPRegen 0.09/turn                (no ring)

@: glowing
A: sense surroundings 1, otherworldly, glowing, explore regen
a: no special abilities


You were on level 3 of the Dungeon.
You visited 1 branch of the dungeon, and saw 4 of its levels.

You collected 105 gold pieces.

Inventory:

Hand Weapons
 a - a +0 long sword (weapon)
Missiles
 d - 3 throwing nets
 e - a javelin
Armour
 b - a +0 leather armour
 c - a +0 helmet (worn)
 o - a +0 ring mail (worn)
Scrolls
 f - 2 scrolls of immolation {unknown}
 h - 3 scrolls of teleportation {unknown}
 j - a scroll of noise {unknown}
 m - a scroll of identify {unknown}
 n - a scroll of summoning {unknown}
 p - a scroll of amnesia {unknown}
 q - a scroll of butterflies {unknown}
Potions
 g - a potion of berserk rage {unknown}
 i - a potion of cancellation {unknown}
 k - a potion of mutation {unknown}
 l - a potion of attraction {unknown}


   Skills:
 - Level 2.1 Fighting
 + Level 5.7 Long Blades
 - Level 2.4 Throwing
 - Level 3.6 Dodging


You had 3 spell levels left.
You didn't know any spells.
Your spell library was empty.

Dungeon Overview and Level Annotations

Branches:
Dungeon (4/15) Zot: 1561
 Temple: D:4-7

Altars:
Vehumet

Shops:
D:1 [

Annotations:
D:3 2 transporters, qeuew's ghost, amateur HOFi


Innate Abilities, Weirdness & Mutations

You passively map a small area around you.
You are easily found by Zot.
You glow in the dark.
You regain HP and MP as you explore.


Message History

You are too injured to fight recklessly!
You are too injured to fight recklessly!
You are too injured to fight recklessly!
You hit the orc wizard.
The orc wizard is severely wounded.
Something hits you but does no damage.
The orc wizard hits you but does no damage.
You closely miss the orc wizard.
The orc wizard is severely wounded.
The orc wizard casts a spell at you. The puff of flame hits you!
* * * LOW HITPOINT WARNING * * *
Something hits you.
* * * LOW HITPOINT WARNING * * *
You closely miss the orc wizard.
The orc wizard is severely wounded.
You hear some strange, mumbled words.
Something tries to affect you, but you resist.
The orc wizard closely misses you.
You hit the orc wizard but do no damage.
The orc wizard is severely wounded.
The orc wizard hits you with a +0 dagger.
* * * LOW HITPOINT WARNING * * *
Something hits you.
* * * LOW HITPOINT WARNING * * *
You barely miss the orc wizard.
The orc wizard is severely wounded.
The orc wizard closely misses you.
You hear some strange, mumbled words.
A magic dart appears from out of thin air!
The magic dart hits you.
* * * LOW HITPOINT WARNING * * *
You barely miss the orc wizard.
The orc wizard is severely wounded.
The orc wizard hits you but does no damage.
Something hits you but does no damage.
You hit the orc wizard.
You kill the orc wizard!
Something hits you.
You die...

####.#.################.....
#....#....................##
#.#####################...#
######.# #.###
#....#.########### , ,...#,
##.#.#.#.......... .. ...#
#<#.#.#.#########* #.#*
###.. , ###.#.#.# ####...#
### #...#.#.# #@)K.#
#.###.#.# #{#### , #.# #.#.#
#.# *, #.# #.#.# #.# #.#
#.#.# ##'###### #.## #.#
#.#.# #.......# #.#. #.#
#.#.# #.......# #.#. #.#
#.#.######.......# #..< #.#
#.#.........###### #...


You could see a kobold.

Vanquished Creatures
  An orc wizard (D:3)
  2 adders
  3 dart slugs
  An orc (D:3)
  3 bats (D:2)
  3 endoplasms
  A giant cockroach (D:1)
  2 goblins
  A hobgoblin (D:2)
  3 jackals (D:3)
  5 kobolds
  2 quokkas
  3 rats
30 creatures vanquished.

Notes
Turn   | Place    | Note
-------+----------+-------------------------------------------
     0 | D:1      | lunkers the Meteoran Gladiator began the quest for the Orb.
     0 | D:1      | Reached XP level 1. HP: 17/17 MP: 2/2
    52 | D:1      | Reached skill level 4 in Long Blades
    74 | D:1      | Found Eczielu's Armour Shop.
    84 | D:1      | Reached XP level 2. HP: 19/24 MP: 3/3
   161 | D:2      | Reached XP level 3. HP: 28/29 MP: 4/4
   247 | D:2      | Reached skill level 5 in Long Blades
   322 | D:2      | Found a radiant altar of Vehumet.
   537 | D:3      | Reached XP level 4. HP: 28/36 MP: 5/5
   582 | D:3      | Found a transporter.
   592 | D:3      | Found a transporter.
   695 | D:3      | Noticed qeuew's ghost (amateur HOFi)
   814 | D:3      | HP: 1/36 [something (3)]
   817 | D:3      | Slain by an orc wizard

Illustrated notes

Levels and vault maps discovered:
D:1:      matt_arrival_diagonals, layout_loops_ring, serial_shops,
          nicolae_shop_statue_plus, shop, nicolae_lakefront_shop
D:2:      layout_basic, basic_altar
D:3:      layout_basic, gammafunk_ghost_stat_death, serial_bayou_pond_c,
          minmay_quantized
D:4:      minmay_opposing_rooms, layout_layer_cave, lemuel_doored_altar,
          serial_shops, nicolae_take_the_stairs, uniq_natasha, uniq_pikel,
          uniq_robin

Skill      XL: |  1  2  3 |
---------------+----------+-----
Long Blades    | 4 5 |  5.7
Fighting       | |  2.1
Throwing       | |  2.4
Dodging        | |  3.6

Action                   |  1- 3 |  4- 6 || total
-------------------------+-------+-------++-------
Melee: Long sword        |    57 |    42 ||    99
Armor: Leather armour    |    16 |       ||    16
       Ring mail         |     2 |    22 ||    24
Dodge: Dodged            |    33 |    23 ||    56

Table legend: (Time is in decaauts)
 A = Elapsed time spent in this place.
 B = Non-inter-level travel time spent in this place.
 C = Inter-level travel time spent in this place.
 D = Time resting spent in this place.
 E = Time spent auto-exploring this place.
 F = Levels seen in this place.
 G = Mean time per level.
                   A        B        C        D        E       F      G
               +--------+--------+--------+--------+--------+-----+--------+
         Total |    837 |    785 |     52 |      0 |    543 |   4 |  209.2 |
       Dungeon |    837 |    785 |     52 |      0 |    543 |   4 |  209.2 |
               +--------+--------+--------+--------+--------+-----+--------+

Top non-repeatable levels by time:
     D:3: 376 daAuts
     D:2: 324 daAuts
     D:1: 134 daAuts
     D:4: 2 daAuts
